 Dungeon Sprint DCSS version 0.28.0-45-g0d030f2227 (webtiles) character file.

Game seed: 2502724322424882099

6836 Zeld the Cleaver (level 10, -3/156 HPs)
             Began as a Minotaur Berserker on Apr 24, 2022.
             Was the Champion of Trog.
             Killed from afar by an air elemental (9 damage)
             ... with a stunning burst
             ... while paralysed by an air elemental
             ... in the Dungeon (Sprint V: "Ziggurat Sprint").
             The game lasted 00:02:42 (750 turns).

Zeld the Cleaver (Minotaur Berserker)                Turns: 750, Time: 00:02:42

Health: -3/156     AC: 21    Str: 39    XL:     10   Next: 77%
Magic:  9/9        EV:  2    Int:  8    God:    Trog [******]
Gold:   975        SH:  0    Dex:  9    Spells: 9/9 levels left

rFire   . . .      SeeInvis +   w - +14 obsidian axe {vorpal, Mesm Drain Fly SInv}
rCold   . . .      Faith    .   y - +3 tower shield
rNeg    + + .      Spirit   .   x - +5 crystal plate armour
rPois   .          Reflect  .   b - -4 hat "Hod Miergh" {rN++ Int+4 Stlth-}
rElec   .          Harm     .   (no cloak)
rCorr   .          Rampage  .   (no gloves)
Will    ++...      NoTele   +   (no boots)
Stlth   ..........              (no amulet)
HPRegen 1.36/turn               t - +6 ring of strength
MPRegen 0.11/turn               u - +6 ring of strength

@: paralysed, berserking, strong-willed, flying, mesmerised, regenerating,
studying Dodging
A: horns 2, retaliatory headbutt
a: Renounce Religion, Berserk, Trog's Hand, Brothers in Arms


You were in the Dungeon.
You worshipped Trog.
Trog was exalted by your worship.
You visited 1 branch You collected 975 gold pieces.

Inventory:

Hand Weapons
 w - the +14 obsidian axe (weapon) {vorpal, Mesm Drain Fly SInv}
   (You found it in the Dungeon)

   It inflicts extra damage upon your enemies.
   It occasionally summons demons to assist the wielder when it strikes in
   combat.
   Its wielder is mesmerised by any visible foes.
   It cannot be unequipped while any foes are visible.
   SInv:      It lets you see invisible.
   Fly:       It grants you flight.
   Drain:     It drains your maximum health when unequipped.
Armour
 b - the -4 hat "Hod Miergh" (worn) {rN++ Int+4 Stlth-}
   (You acquired it in the Dungeon)

   Int:       It affects your intelligence (+4).
   rN:        It greatly protects you from negative energy.
   Stlth:     It makes you less stealthy.
 x - a +5 crystal plate armour (worn)
 y - a +3 tower shield (worn)
Jewellery
 t - a +6 ring of strength (left hand)
 u - a +6 ring of strength (right hand)
Wands
 q - a wand of mindburst (7)
 r - a wand of iceblast (7)
 s - a wand of acid (7)
Scrolls
 a - a scroll of brand weapon
 h - 4 scrolls of blinking
 i - 7 scrolls of fog
 j - a scroll of holy word
 k - 5 scrolls of identify
 l - 2 scrolls of fear
Potions
 c - 10 potions of curing
 d - 9 potions of heal wounds
 e - 10 potions of haste
 f - 7 potions of magic
 g - 3 potions of berserk rage
 m - 2 potions of invisibility
 n - 4 potions of resistance
 p - 5 potions of might
Miscellaneous
 v - a lightning rod (4/4)


   Skills:
 * Level 14.4 Fighting
 * Level 14.4 Axes
 + Level 10.4 Armour
 + Level 9.7 Dodging
 * Level 14.0 Shields
 * Level 10.9 Evocations


You had 9 spell levels left.
You didn't know any spells.
Your spell library was empty.

Dungeon Overview and Level Annotations

Branches:
Dungeon (1/1)

Altars:
Ashenzari
Cheibriados
Dithmenos
Elyvilon
Fedhas
Gozag
Hepliaklqana
Kikubaaqudgha
Makhleb
Nemelex Xobeh
Okawaru
Qazlal
Ru
Sif Muna
Trog
Uskayaw
Vehumet
Wu Jian
Xom
Yredelemnul
Zin
The Shining One
Beogh
Jiyva
Lugonu


Innate Abilities, Weirdness & Mutations

You have a pair of horns on your head.
You reflexively headbutt those who attack you in melee.


Message History

The stunning burst hits the air elemental.
The air elemental completely resists.
The stunning burst misses you.
Your neqoxec misses the wind drake.
The air elemental fires a burst of electricity at you.
The stunning burst hits you but does no damage.
You shrug off the repeated paralysis!
The wind drake barely misses your neqoxec.
The air elemental fires a burst of electricity at your neqoxec.
The stunning burst hits your neqoxec!
Your neqoxec is paralysed.
Unknown command.
Unknown command.
You slice the air elemental like a ripe choko!!!
You destroy the air elemental!
Trog accepts your kill.
You closely miss the air elemental. You slash the air elemental!
You miss the air elemental.
Visions of slaying the air elemental flood into your mind.
Your neqoxec is no longer paralysed.
The air elemental hits you!
* * * LOW HITPOINT WARNING * * *
You block the air elemental's attack. x2; The air elemental closely misses you.
You furiously retaliate!
You headbutt the air elemental!
The air elemental fires a burst of electricity at you.
The stunning burst hits you but does no damage.
You suddenly lose the ability to move!
The stunning burst hits your sun demon!
Your sun demon resists.
The air elemental hits you.
* * * LOW HITPOINT WARNING * * *
Your neqoxec closely misses the air elemental.
Your Shields skill increases to level 14!
Visions of slaying the air elemental flood into your mind.
The air elemental fires a burst of electricity at you.
The stunning burst hits you.
* * * LOW HITPOINT WARNING * * *
The air elemental hits you but does no damage.
The air elemental barely misses you.
The air elemental fires a burst of electricity at you.
The stunning burst hits you!
You die...

▓..8©8..▓
▓..[))):..▓..)|:..▓
▓...=|)...▓..=|...▓
▓.........▓.......▓
▓.........▓.......▓
▓....k....▓....†..▓
▓...3.....▓...)†..▓
▓.▓.EEE.▓.▓.▓...▓.▓
▓..3.@E...▓...©...▓
▓▓▓▓▓▓▓▓▓▓▓▓▓▓▓▓▓▓▓


You could see a wind drake (repels missiles), 4 air elementals, a friendly sun
demon (summoned) and a friendly neqoxec (summoned).

Vanquished Creatures
  A wolf spider (D)
  4 draconians (D)
  2 toenail golems (D)
  A cane toad (D)
  2 komodo dragons (D)
  3 ice devils (D)
  2 slime creatures (D)
  2 tarantellas (D)
  3 air elementals (D)
  A jumping spider (D)
  A yak (D)
  An ice beast (D)
  A wolf (D)
  A scorpion (D)
  An orc priest (D)
  2 jellies (D)
  An iron imp (D)
  An orc wizard (D)
  A white imp (D)
  A bat simulacrum (D)
  A quokka simulacrum (D)
33 creatures vanquished.

Vanquished Creatures (collateral kills)
  A hydra (D)
  A golden eye (D)
  A scorpion (D)
  A quasit (D)
  An iron imp (D)
  An orc (D)
  A bat zombie (D)
7 creatures vanquished.

Grand Total: 40 creatures vanquished

Notes
Turn   | Place    | Note
-------+----------+-------------------------------------------
     0 | D        | Zeld the Minotaur Berserker began the quest for the Orb.
     0 | D        | Reached XP level 1. HP: 19/19 MP: 0/0
     2 | D        | Found a blossoming altar of Fedhas.
     2 | D        | Found the +6 Majin-Bo {vamp, MP+6 Int+6}
     2 | D        | Found the +9 heavy crossbow "Sniper" {vorpal, Acc+∞ SInv}
     2 | D        | Found the +10 dark maul {vorpal}
     2 | D        | Found the +15 Maxwell's patent armour {-Cast -Tele rElec
                  | Will+ rCorr}
     2 | D        | Found the +18 shield of the Gong {rElec rN+ Will+ EV-5}
     2 | D        | Found the +14 obsidian axe {vorpal, Mesm Drain Fly SInv}
     2 | D        | Found the +7 great mace "Firestarter" {inner flame, rF++}
     2 | D        | Found the +6 shillelagh "Devastator" {shatter}
     2 | D        | Found the +11 plutonium sword {Contam Stlth-}
     2 | D        | Found the +8 lance "Wyrmbane" {slay drac, rPois rF+ rC+
                  | AC+3}
     2 | D        | Found the +9 sword of Zonguldrok {reap}
     2 | D        | Found the +13 scythe of Curses {drain, Drain}
     2 | D        | Found the +5 sword of Power {vorpal}
     2 | D        | Found the +7 mace of Variability {chain chaos}
     2 | D        | Found the +7 Singing Sword {vorpal, sonic wave}
     2 | D        | Found the +8 storm bow {elec, penet}
     3 | D        | Found a viscous altar of Jiyva.
     3 | D        | Found a hazy altar of Hepliaklqana.
     3 | D        | Found a transporter.
     3 | D        | Found an opulent altar of Gozag.
     3 | D        | Found an ancient bone altar of Kikubaaqudgha.
     3 | D        | Found a corrupted altar of Lugonu.
     5 | D        | Found a burning altar of Makhleb.
     6 | D        | Found a sacrificial altar of Ru.
     6 | D        | Found a shimmering blue altar of Sif Muna.
     6 | D        | Found a stormy altar of Qazlal.
     6 | D        | Found a bloodstained altar of Trog.
     6 | D        | Found an iron altar of Okawaru.
     6 | D        | Found a sparkling altar of Nemelex Xobeh.
    63 | D        | Reached skill level 5 in Fighting
    63 | D        | Reached skill level 5 in Axes
    63 | D        | Reached XP level 2. HP: 29/29 MP: 1/1
    72 | D        | Entered arena 2.
    72 | D        | Noticed a toenail golem
    72 | D        | Noticed a toenail golem
    72 | D        | Found a transporter.
    75 | D        | Killed a toenail golem
    76 | D        | Reached skill level 5 in Armour
    76 | D        | Reached skill level 5 in Dodging
    76 | D        | Reached skill level 5 in Evocations
    76 | D        | Reached XP level 3. HP: 41/41 MP: 2/2
    76 | D        | Reached XP level 4. HP: 49/49 MP: 3/3
    76 | D        | Reached XP level 5. HP: 55/55 MP: 4/4
    76 | D        | Reached XP level 6. HP: 62/62 MP: 5/5
    80 | D        | Killed a toenail golem
    81 | D        | Reached XP level 7. HP: 70/70 MP: 6/6
   157 | D        | Entered arena 3.
   157 | D        | Found a transporter.
   160 | D        | Reached ** piety under Trog
   215 | D        | Entered arena 4.
   215 | D        | Found the +7 sceptre of Torment {pain, torment}
   215 | D        | Noticed a draconian
   215 | D        | Noticed a draconian
   215 | D        | Noticed a draconian
   215 | D        | Noticed a draconian
   215 | D        | Found a transporter.
   222 | D        | Killed a draconian
   223 | D        | Reached skill level 10 in Fighting
   223 | D        | Reached skill level 10 in Axes
   223 | D        | Reached XP level 8. HP: 80/80 MP: 7/7
   224 | D        | Killed a draconian
   224 | D        | Reached *** piety under Trog
   225 | D        | Reached skill level 10 in Shields
   225 | D        | Killed a draconian
   228 | D        | Noticed a soul eater
   230 | D        | Killed a draconian
   231 | D        | Reached XP level 9. HP: 90/90 MP: 8/8
   377 | D        | Entered arena 5.
   377 | D        | Found a transporter.
   378 | D        | Reached **** piety under Trog
   398 | D        | Entered arena 6.
   398 | D        | Found a transporter.
   409 | D        | Reached ***** piety under Trog
   467 | D        | Entered arena 7.
   467 | D        | Found the ring of the Mage {Wiz Archmagi}
   467 | D        | Noticed a wolf spider
   468 | D        | Found a transporter.
   471 | D        | Killed a wolf spider
   475 | D        | Reached XP level 10. HP: 77/101 MP: 9/9
   572 | D        | Entered arena 8.
   572 | D        | Noticed a five-headed hydra
   572 | D        | Noticed a cane toad
   573 | D        | Found a transporter.
   575 | D        | Killed a cane toad
   576 | D        | Reached ****** piety under Trog
   577 | D        | Killed a six-headed hydra
   578 | D        | Reached skill level 10 in Evocations
   578 | D        | Received a gift from Trog
   581 | D        | Reached skill level 10 in Armour
   591 | D        | Acquired 975 gold pieces
   712 | D        | Entered arena 9.
   713 | D        | Found a transporter.
   723 | D        | Received a gift from Trog
   734 | D        | Acquired the -4 hat "Hod Miergh" {rN++ Int+4 Stlth-}
   742 | D        | Entered arena 10.
   742 | D        | Paralysed by an air elemental for 1 turns
   744 | D        | Paralysed by an air elemental for 1 turns
   749 | D        | Paralysed by an air elemental for 1 turns
   749 | D        | HP: 6/156 [air elemental (4)]
   750 | D        | Killed from afar by an air elemental

Illustrated notes

Levels and vault maps discovered:
D:        sprint_v [room_start, room_1, room_2, room_3, room_4, room_5, room_6,
          room_7, room_8, room_9, room_10, room_11, room_12, room_13, room_14,
          room_15, room_16, room_17, room_18, room_19, room_20, room_21,
          room_22, room_23, room_24, room_25, room_26, room_27]

Skill      XL: |  1  2  3  4  5  6  7  8  9 10 |
---------------+-------------------------------+-----
Fighting       | 5 8 9 10 11 13 14 | 14.4
Axes           | 5 8 9 10 11 13 14 | 14.4
Armour         | 3 5 6 7 8 9 10 | 10.4
Dodging        | 3 5 6 7 8 9 |  9.7
Shields        | 3 7 8 9 11 12 14 | 14.0
Evocations     | 2 5 6 7 8 9 10 | 10.9

Action                   |  1- 3 |  4- 6 |  7- 9 | 10-12 || total
-------------------------+-------+-------+-------+-------++-------
Melee: Broad axe         |     2 |     5 |    26 |    18 ||    51
       Headbutt          |       |     1 |     6 |     1 ||     8
Invok: Berserk           |     1 |       |     1 |     1 ||     3
       Trog's Hand       |       |       |       |     1 ||     1
  Use: Potion            |     1 |       |       |     1 ||     2
       Scroll            |       |       |       |     2 ||     2
Armor: Crystal plate arm |     2 |     2 |    25 |    17 ||    46
Dodge: Dodged            |       |       |    10 |     9 ||    19
Block: Tower shield      |       |     3 |    41 |    31 ||    75
